 Dungeon Crawl Stone Soup version 0.28-a0-556-gab23d0e057 (webtiles) character file.

Game seed: 2843611218188360483

3721 meatgazer the Envoy of Void (level 9, 0/77 HPs)
             Began as a Demonspawn Abyssal Knight on Sept 28, 2021.
             Was a High Priest of Lugonu.
             Slain by a two-headed ogre (11 damage)
             ... on level 9 of the Dungeon.
             The game lasted 00:13:10 (8948 turns).

meatgazer the Envoy of Void (DsAK)                  Turns: 8948, Time: 00:13:11

Health: 0/77       AC: 15    Str: 16    XL:     9   Next: 92%
Magic:  0/17       EV: 13    Int: 13    God:    Lugonu [*****.]
Gold:   1022       SH:  0    Dex: 13    Spells: 8/8 levels left

rFire   + + +      SeeInvis .   e - +12 battleaxe "Heufopax" {flame, rN+}
rCold   . . .      Faith    .   (shield currently unavailable)
rNeg    + . .      Spirit   +   u - +1 scale mail of Dim Light {-Cast rElec rF+++ Will-}
rPois   .          Reflect  .   b - +2 helmet
rElec   +          Harm     .   o - +1 cloak {Will+}
rCorr   .          Rampage  .   (no gloves)
Will    .....      NoCast   +   (no boots)
Stlth   ..........              n - amulet of guardian spirit
HPRegen 0.22/turn               k - +4 ring of evasion
MPRegen 0.15/turn               s - ring of flight

@: flying
A: hooves 1, rugged brown scales 3
a: Renounce Religion, Depart the Abyss, Bend Space, Banish, Corrupt, Enter the
Abyss


You were on level 9 of the Dungeon.
You worshipped Lugonu.
Lugonu was extremely pleased with you.
You visited 1 branch of the dungeon, and saw 9 of its levels.
You visited the Abyss 1 time.

You collected 1022 gold pieces.

Inventory:

Hand Weapons
 e - the +12 battleaxe "Heufopax" (weapon) {flame, rN+}
   (You found it on level 2 of the Abyss)

   It burns those it strikes, dealing additional fire damage.
   Big, fiery blades are also staple armaments of hydra-hunters.
   rN:        It protects you from negative energy.
Armour
 a - a +0 buckler
 b - a +2 helmet (worn)
 g - a +0 scale mail
 o - a +1 cloak of willpower (worn)
 u - the +1 scale mail of Dim Light (worn) {-Cast rElec rF+++ Will-}
   (You found it on level 8 of the Dungeon)

   rF:        It renders you almost immune to fire.
   rElec:     It insulates you from electricity.
   -Cast:     It prevents spellcasting.
   Will:      It decreases your willpower.
Jewellery
 f - a ring of ice
 i - a ring of ice
 k - a +4 ring of evasion (left hand)
 n - an amulet of guardian spirit (around neck)
 s - a ring of flight (right hand)
Wands
 d - a wand of iceblast (9)
 r - a wand of flame (33)
 x - a wand of paralysis (9)
Scrolls
 l - a scroll of identify
 m - 2 scrolls of fog
Potions
 c - 5 potions of curing
 h - a potion of resistance
 j - 4 potions of brilliance
 p - a potion of lignification
 q - a potion of might
 t - a potion of heal wounds
 v - a potion of flight
 w - a potion of berserk rage


   Skills:
 + Level 7.3 Fighting
 - Level 1.7 Long Blades
 * Level 8.5 Axes
 - Level 2.0 Armour
 - Level 1.0 Dodging
 * Level 11.2 Invocations


You had 8 spell levels left.
You didn't know any spells.
Your spell library contained the following spells:

 Spells                   Type           Power      Damage    Failure   Level
 Apportation              Tloc           0%         N/A       75%         1
 Static Discharge         Conj/Air       0%         N/A       86%         2
 Dazzling Flash           Conj/Hex       0%         N/A       98%         3
 Dispel Undead            Necr           0%         3d6       100%        4
 Sticky Flame             Conj/Fire      0%         2d3       100%        4
 Summon Ice Beast         Ice/Summ       0%         N/A       100%        4
 Agony                    Necr           0%         N/A       100%        5
 Alistair's Intoxication  Tmut/Pois      0%         N/A       100%        5
 Silence                  Hex/Air        0%         N/A       100%        5
 Summon Mana Viper        Hex/Summ       0%         N/A       100%        5
 Invisibility             Hex            0%         N/A       100%        6
 Monstrous Menagerie      Summ           0%         N/A       100%        7


Dungeon Overview and Level Annotations

Branches:
Dungeon (9/15)             Temple (0/1) D:6
   Lair: D:8-11         Orc: D:9-12

Altars:
Elyvilon
Gozag
Makhleb
Okawaru
Ru
Trog
Vehumet
Xom
Zin
The Shining One

Shops:
D:4 :


Innate Abilities, Weirdness & Mutations

You have large cloven feet.
You are completely covered in rugged brown scales. (AC +3, +7% HP)


Message History

x - a wand of paralysis (9)
You see here a staff of death.
You now have 1022 gold pieces (gained 15).
An orc warrior and a two-headed ogre come into view.
The orc warrior is wielding a +0 flail and wearing a +1 plate armour of cold resistance.
The two-headed ogre shouts in stereo!
You slash the orc warrior! You burn the orc warrior.
The orc warrior is severely wounded.
The orc warrior hits you with a +0 flail.
You barely miss the orc warrior.
You kick the orc warrior, but do no damage.
The orc warrior is severely wounded.
The orc warrior hits you with a +0 flail!
You slash the two-headed ogre! You burn the two-headed ogre.
The two-headed ogre is lightly wounded.
The two-headed ogre hits you with a +0 giant spiked club!
The two-headed ogre completely misses you.
You slash the two-headed ogre! You burn the two-headed ogre.
The two-headed ogre is heavily wounded.
The two-headed ogre completely misses you.
The two-headed ogre barely misses you.
You hit the two-headed ogre. You burn the two-headed ogre.
The two-headed ogre is heavily wounded.
The two-headed ogre hits you with a +0 giant spiked club!!
The two-headed ogre barely misses you.
Your scale mail of Dim Light prevents you from hitting the two-headed ogre.
Your kick misses the two-headed ogre.
The two-headed ogre is heavily wounded.
The two-headed ogre closely misses you. The two-headed ogre barely misses you.
You slash the two-headed ogre! You burn the two-headed ogre.
You kick the two-headed ogre, but do no damage.
The two-headed ogre is severely wounded.
The two-headed ogre barely misses you.
The two-headed ogre hits you with a +0 giant club.
You barely miss the two-headed ogre.
The two-headed ogre is severely wounded.
The two-headed ogre hits you with a +0 giant spiked club!!
* * * LOW HITPOINT WARNING * * *
The two-headed ogre hits you with a +0 giant club!
You die...

# ###. ...?.##
.......####
......oO@.#
.#.#.#.#..####
####....#
#...#.##
##.....#
#..##..#
##..#..#
#.....<####
##........#


You could see a two-headed ogre and an orc warrior.

Vanquished Creatures
  Sigmund (D:2)
  Eustachio (D:4)
  A steam dragon (D:7)
  A water moccasin (D:7)
  3 necrophages
  A black bear (D:7)
  2 orc warriors
  2 ogres
  2 centaurs
  A phantom (D:5)
  A kobold brigand (D:8)
  A bullfrog (D:4)
  A gnoll sergeant (D:7)
  Blork the orc (D:4)
  A wyvern zombie (D:8)
  2 scorpions (D:5)
  A water moccasin zombie (D:5)
  A wyvern skeleton (D:7)
  11 killer bees
  5 wights (D:7)
  A vampire bat (D:5)
  A howler monkey (D:6)
  2 jellies
  3 hounds
  Crazy Yiuf (D:5)
  3 orc priests
  2 centaur skeletons
  2 iguanas
  Natasha (thrice) (D:2)
  3 orc wizards
  A hound zombie (D:5)
  Robin (D:2)
  8 adders
  4 gnolls
  A shadow imp (D:6)
  4 white imps
  An ufetubus (D:4)
  An adder skeleton (D:3)
  3 worms
  4 dart slugs
  3 fire bats (D:5)
  20 orcs
  2 spectral bats (D:5)
  3 bat skeletons (D:5)
  A bat zombie (D:5)
  7 endoplasms
  4 giant cockroaches
  10 hobgoblins
  11 kobolds
  2 quokkas
  11 ball pythons
  14 bats
  A bat simulacrum (D:5)
  5 frilled lizards
  16 goblins
  A quokka skeleton (D:4)
  22 rats
222 creatures vanquished.

Notes
Turn   | Place    | Note
-------+----------+-------------------------------------------
     0 | Abyss:1  | meatgazer the Demonspawn Abyssal Knight began the quest for
                  | the Orb.
     0 | Abyss:1  | Reached XP level 1. HP: 18/18 MP: 2/2
    90 | Abyss:2  | Identified the +12 battleaxe "Heufopax" {flame, rN+}
   124 | Abyss:3  | Noticed a swamp dragon
   126 | D:1      | Escaped the Abyss
   429 | D:1      | Gained mutation: You are partially covered in rugged brown
                  | scales. (AC +1, +3% HP) [demonic ancestry]
   429 | D:1      | Reached XP level 2. HP: 16/24 MP: 4/4
   657 | D:1      | Reached * piety under Lugonu
   721 | D:1      | Reached skill level 1 in Dodging
   789 | D:1      | Reached skill level 3 in Invocations
   865 | D:1      | Reached skill level 1 in Axes
   967 | D:1      | Reached XP level 3. HP: 24/29 MP: 5/5
  1302 | D:1      | Identified a scroll of acquirement
  1302 | D:1      | Acquired 628 gold pieces
  1613 | D:2      | Noticed Robin
  1630 | D:2      | Killed Robin
  1630 | D:2      | Reached ** piety under Lugonu
  1635 | D:2      | Gained mutation: You have large cloven feet. [demonic
                  | ancestry]
  1635 | D:2      | Reached XP level 4. HP: 8/37 MP: 6/6
  2230 | D:2      | Noticed Natasha
  2237 | D:2      | Killed Natasha
  2494 | D:2      | Noticed Sigmund
  2500 | D:2      | Killed Sigmund
  2501 | D:2      | Reached skill level 4 in Invocations
  2501 | D:2      | Reached XP level 5. HP: 39/43 MP: 6/8
  2565 | D:2      | Noticed Natasha
  2569 | D:2      | Killed Natasha
  2570 | D:2      | Gained mutation: You are mostly covered in rugged brown
                  | scales. (AC +2, +5% HP) [demonic ancestry]
  2570 | D:2      | Reached XP level 6. HP: 44/51 MP: 9/9
  2751 | D:2      | Found a faded altar of an unknown god.
  2831 | D:2      | Noticed Natasha
  2836 | D:2      | Killed Natasha
  3821 | D:3      | Reached *** piety under Lugonu
  4362 | D:4      | Noticed Eustachio
  4385 | D:4      | Killed Eustachio
  4386 | D:4      | Reached skill level 5 in Invocations
  4386 | D:4      | Reached XP level 7. HP: 51/57 MP: 9/11
  4965 | D:4      | Reached skill level 5 in Fighting
  4991 | D:4      | Noticed Blork the orc
  4998 | D:4      | Killed Blork the orc
  4999 | D:4      | Reached skill level 5 in Axes
  5148 | D:4      | Found Leir's Book Shop.
  5392 | D:5      | Entered Level 5 of the Dungeon
  5425 | D:5      | Found a shimmering altar of Xom.
  5492 | D:5      | Reached skill level 6 in Invocations
  5538 | D:5      | Reached **** piety under Lugonu
  5645 | D:5      | Gained mutation: You are completely covered in rugged brown
                  | scales. (AC +3, +7% HP) [demonic ancestry]
  5645 | D:5      | Reached XP level 8. HP: 58/67 MP: 11/13
  5715 | D:5      | Reached skill level 7 in Invocations
  6077 | D:5      | Found a runed translucent door.
  6078 | D:5      | Noticed Crazy Yiuf
  6083 | D:5      | Killed Crazy Yiuf
  6084 | D:5      | Reached skill level 8 in Invocations
  6296 | D:5      | Found a sacrificial altar of Ru.
  6422 | D:6      | Found an iron altar of Okawaru.
  6534 | D:6      | Found a burning altar of Makhleb.
  6972 | D:6      | Found a staircase to the Ecumenical Temple.
  6992 | D:6      | Found a bloodstained altar of Trog.
  7386 | D:7      | Reached skill level 9 in Invocations
  7386 | D:7      | Reached XP level 9. HP: 74/74 MP: 15/15
  7641 | D:7      | Reached skill level 10 in Invocations
  7682 | D:7      | Found an opulent altar of Gozag.
  8391 | D:8      | Reached ***** piety under Lugonu
  8393 | D:8      | Identified the +1 scale mail of Dim Light {-Cast rElec
                  | rF+++ Will-}
  8606 | D:8      | Found a radiant altar of Vehumet.
  8744 | D:8      | Reached skill level 11 in Invocations
  8938 | D:9      | Noticed a two-headed ogre
  8948 | D:9      | Slain by a two-headed ogre

Illustrated notes

Levels and vault maps discovered:
D:1:      scummos_arrival_hexagon, layout_basic
D:2:      layout_loops_corners, chequers_ecumenical_altar_grove,
          minmay_rat_hole, uniq_natasha, uniq_sigmund, uniq_robin
D:3:      wad_crossroads, layout_rooms, mainiacjoe_overflow_boulevard,
          kennysheep_big_empty_room, hangedman_decor_points,
          minmay_randomly_rotated_circles
D:4:      layout_loops_ring, serial_shops, nicolae_shop_stone,
          hangedman_abyss_or_decor_stabs, uniq_blork_the_orc, uniq_eustachio
D:5:      layout_basic, mainiacjoe_overflow_catwalk,
          amethyst_overflow_temple_binary, goddamned_bats,
          uniq_crazy_yiuf_cottage
D:6:      layout_loops_corners, mainiacjoe_overflow_tiny_flanked,
          mainiacjoe_overflow_catwalk_spiral, lemuel_coloured_pillars_altar,
          minmay_temple_entry_drinking_statues
D:7:      layout_basic, mainiacjoe_overflow_24_doors, small_statue_intersection,
          ebering_dispersal_statue_hall
D:8:      layout_loops_cross, marbit_many_paths
D:9:      layout_loops_cross, onia_ninara_cookie, uniq_grum

Skill      XL: |  1  2  3  4  5  6  7  8  9 |
---------------+----------------------------+-----
Armour         | 2 |  2.0
Dodging        | 1 |  1.0
Invocations    | 3 4 5 6 9 11 | 11.2
Axes           | 1 3 4 5 7 8 |  8.5
Fighting       | 4 5 6 7 |  7.3
Long Blades    | |  1.7

Action                   |  1- 3 |  4- 6 |  7- 9 || total
-------------------------+-------+-------+-------++-------
Melee: Battleaxe         |    75 |   105 |   219 ||   399
       Kick              |       |    17 |    47 ||    64
Invok: Depart the Abyss  |     1 |       |       ||     1
  Use: Scroll            |     3 |     4 |     7 ||    14
       Potion            |     3 |     3 |       ||     6
Armor: Scale mail        |    37 |    58 |    95 ||   190
Dodge: Dodged            |    50 |    66 |   215 ||   331

Table legend: (Time is in decaauts)
 A = Elapsed time spent in this place.
 B = Non-inter-level travel time spent in this place.
 C = Inter-level travel time spent in this place.
 D = Time resting spent in this place.
 E = Time spent auto-exploring this place.
 F = Levels seen in this place.
 G = Mean time per level.
                   A        B        C        D        E       F      G
               +--------+--------+--------+--------+--------+-----+--------+
         Total |   9131 |   8913 |    218 |   2080 |   5582 |  12 |  760.9 |
       Dungeon |   9003 |   8785 |    218 |   2080 |   5499 |   9 | 1000.3 |
         Abyss |    128 |    128 |      0 |      0 |     83 |   3 |   42.7 |
               +--------+--------+--------+--------+--------+-----+--------+

Top non-repeatable levels by time:
     D:2: 1855 daAuts
     D:1: 1267 daAuts
     D:3: 1198 daAuts
     D:4: 1061 daAuts
     D:5: 1023 daAuts
     D:6: 980 daAuts
     D:7: 972 daAuts
     D:8: 613 daAuts
 Abyss:2: 57 daAuts
 Abyss:1: 44 daAuts
     D:9: 30 daAuts
 Abyss:3: 26 daAuts
